 Dungeon Crawl Stone Soup version 0.22.1-2-g9c5b331 (webtiles) character file.

138 antares the Firebug (level 5, -4/28 HPs)
             Began as a Deep Elf Fire Elementalist on Dec 10, 2018.
             Was a Follower of Elyvilon.
             Slain by a centaur skeleton (7 damage)
             ... on level 4 of the Dungeon.
             The game lasted 00:02:56 (2983 turns).

antares the Firebug (Deep Elf Fire Elementalist)    Turns: 2983, Time: 00:02:56

Health: -4/28      AC:  2    Str:  6    XL:     5   Next: 1%
Magic:  6/13       EV: 13    Int: 20    God:    Elyvilon [*.....]
Gold:   121        SH:  0    Dex: 15    Spells: 6/12 levels left

rFire    . . .     SeeInvis .   (no weapon)
rCold    . . .     Gourm    .   (no shield)
rNeg     . . .     Faith    .   a - +0 robe
rPois    .         Spirit   .   (no helmet)
rElec    .         Reflect  .   (no cloak)
rCorr    .         Harm     .   (no gloves)
MR       .....     Rnd*Tele +   (no boots)
Stlth    ++........             k - amulet of the acrobat
HPRegen  0.09/turn              o - ring of teleportation (curse)
MPRegen  0.13/turn              (no ring)

@: very slightly contaminated
A: no striking features
a: Lesser Healing, Divine Protection, Renounce Religion


You were on level 4 of the Dungeon.
You worshipped Elyvilon.
Elyvilon was aware of your devotion.
You were not hungry.

You visited 1 branch of the dungeon, and saw 4 of its levels.

You collected 121 gold pieces.

Inventory:

Armour
 a - a +0 robe (worn)
Jewellery
 k - an amulet of the acrobat (around neck)
 o - a cursed ring of teleportation (left hand)
Scrolls
 e - 8 scrolls of identify {unknown}
 f - 3 scrolls of remove curse {unknown}
 i - a scroll of enchant armour {unknown}
Potions
 b - a potion of curing {unknown}
 d - 2 potions of lignification {unknown}
 g - 2 potions of magic {unknown}
 h - a potion of invisibility {unknown}
 j - 2 potions of mutation {unknown}
 l - a potion of flight {unknown}
 m - a potion of berserk rage {unknown}
 n - a potion of haste {unknown}
Comestibles
 c - 6 rations
 p - 2 chunks of flesh


   Skills:
 + Level 3.1 Dodging
 + Level 3.3 Stealth
 + Level 4.0 Spellcasting
 + Level 2.5 Conjurations
 + Level 4.5 Fire Magic


You had 6 spell levels left.
You knew the following spells:

 Your Spells              Type           Power        Failure   Level  Hunger
a - Flame Tongue          Conj/Fire      ###..        3%          1    None
b - Throw Flame           Conj/Fire      ###...       4%          2    #......
c - Conjure Flame         Conj/Fire      ###.....     9%          3    ###....

Your spell library contained the following spells:

 Spells                   Type           Power        Failure   Level  Hunger
 Inner Flame              Hex/Fire       ##......     16%         3    ###....
 Sticky Flame             Conj/Fire      ###.....     30%         4    ####...
 Fireball                 Conj/Fire      ###.......   63%         5    ######.


Dungeon Overview and Level Annotations

Branches:
Dungeon (4/15)
 Temple: D:4-7

Altars:
Cheibriados
Elyvilon
Fedhas
Hepliaklqana
Makhleb
Nemelex Xobeh
Okawaru
Wu Jian
Yredelemnul
Zin
The Shining One


Message History

Press: ? - help, Shift-Dir - straight line, f - orc
Aim: an orc, wielding a mace The flame tongue hits the orc.
You kill the orc!
You have reached level 5!
Casting: Flame Tongue (safe; 3% risk of failure)
Confirm with . or Enter, or press ? or * to list all spells.
You don't know that spell.
Unknown command.
Casting: Flame Tongue (safe; 3% risk of failure)
Confirm with . or Enter, or press ? or * to list all spells.
Aiming: Flame Tongue (safe; 3% risk of failure)
Press: ? - help, Shift-Dir - straight line, f - centaur skeleton
Aim: a centaur skeleton The flame tongue hits the centaur skeleton.
The centaur skeleton is heavily damaged.
The centaur skeleton hits you!
* * * LOW HITPOINT WARNING * * *
The centaur skeleton hits you!
You die...

.## .... ... #..
#.. #..###
#....###
##+##......###
......Z@.....#
......))......#
..............#
.........?....#
..............#
$..............#
..............##
..............#


You could see a centaur skeleton.

Vanquished Creatures
  A worker ant (D:4)
  Terence (D:3)
  2 adders
  An ooze (D:2)
  A worm (D:3)
  4 dart slugs
  A leopard gecko (D:4)
  6 orcs
  5 bats
  2 giant cockroaches
  8 goblins
  8 hobgoblins
  2 frilled lizards (D:2)
  5 kobolds
  4 rats
51 creatures vanquished.

Notes
Turn   | Place    | Note
-------+----------+-------------------------------------------
     0 | D:1      | antares the Deep Elf Fire Elementalist began the quest for
                  | the Orb.
     0 | D:1      | Reached XP level 1. HP: 10/10 MP: 6/6
   337 | D:1      | Reached XP level 2. HP: 13/15 MP: 2/8
   800 | D:1      | Reached XP level 3. HP: 19/19 MP: 3/9
  1006 | D:1      | Learned a level 2 spell: Throw Flame
  1010 | D:1      | Learned a level 3 spell: Conjure Flame
  1194 | D:2      | Found a snail-covered altar of Cheibriados.
  1286 | D:2      | Found a basalt altar of Yredelemnul.
  1355 | D:2      | Found a blossoming altar of Fedhas.
  1522 | D:2      | Found a sparkling altar of Nemelex Xobeh.
  1523 | D:2      | Found a hazy altar of Hepliaklqana.
  1904 | D:3      | Found a glowing silver altar of Zin.
  1905 | D:3      | Found a white marble altar of Elyvilon.
  1905 | D:3      | Found a glowing golden altar of the Shining One.
  1935 | D:3      | Noticed Terence
  1949 | D:3      | Killed Terence
  1949 | D:3      | Reached XP level 4. HP: 24/24 MP: 2/11
  2065 | D:3      | Became a worshipper of Elyvilon the Healer
  2332 | D:3      | Found a burning altar of Makhleb.
  2389 | D:3      | Found an iron altar of Okawaru.
  2502 | D:4      | Reached * piety under Elyvilon
  2731 | D:3      | Found an ornate altar of the Wu Jian Council.
  2982 | D:4      | Reached XP level 5. HP: 11/28 MP: 7/13
  2983 | D:4      | Slain by a centaur skeleton

Skill      XL: |  1  2  3  4 |
---------------+-------------+-----
Stealth        | 3 |  3.3
Fire Magic     | 4 |  4.5
Conjurations   | 2 |  2.5
Dodging        | 3 |  3.1
Spellcasting   | 4 |  4.0

Action                   |  1- 3 |  4- 6 || total
-------------------------+-------+-------++-------
 Cast: Flame Tongue      |    65 |    33 ||    98
       Conjure Flame     |     1 |       ||     1
Invok: Lesser Healing    |       |     1 ||     1
  Eat: Chunk             |     2 |     4 ||     6
Armor: Robe              |     3 |       ||     3
Dodge: Dodged            |    23 |     4 ||    27
